 Dungeon Crawl Stone Soup version 0.31.0-12-g77e489cdc1 (webtiles) character file.

Game seed: 17626102643255760891

75 Gadfly the Trooper (level 4, -1/49 HPs)
             Began as an Oni Berserker on Feb 24, 2024.
             Was a Believer of Trog.
             Slain by a gnoll
             ... wielding a +0 spear
              (5 damage)
             ... on level 2 of the Dungeon.
             The game lasted 00:02:14 (1415 turns).

Gadfly the Trooper (Oni Berserker)                  Turns: 1415, Time: 00:02:14

Health: -1/49      AC:  3    Str: 18 (21) XL:     4   Next: 31%
Magic:  4/4        EV: 10    Int:  5 (8)  God:    Trog [**....]
Gold:   103        SH:  0    Dex:  7 (10) Spells: 3/3 levels left

rFire   . . .        b - +2 dagger (elec)
rCold   . . .        (no shield)
rNeg    . . .        i - +0 animal skin
rPois   .            (helmet restricted)
rElec   .            (no cloak)
rCorr   .            (gloves unavailable)
SInv    .            (boots unavailable)
Will    +....        (no amulet)
Stlth   +            (no ring)
HPRegen 0.28/turn    (no ring)
MPRegen 0.09/turn

%: no passive effects
@: mighty, enlightened, flying
A: large, unfitting armour, horns 1, tough skin 1, double potion healing,
drunken brawling
a: Renounce Religion, Berserk, Trog's Hand


You were on level 2 of the Dungeon.
You worshipped Trog.
Trog was pleased with you.
You visited 1 branch of the dungeon, and saw 2 of its levels.

You collected 103 gold pieces.

Inventory:

Hand Weapons
 a - a +0 mace
 b - a +2 dagger of electrocution (weapon)
Armour
 i - a +0 animal skin (worn)
Jewellery
 c - a ring of fire
Potions
 d - a potion of degeneration
 g - a potion of curing {unknown}
 h - a potion of cancellation {unknown}


   Skills:
 + Level 4.4 Fighting
 * Level 3.6 Maces & Flails
 * Level 1.5 Armour
 - Level 2.6 Dodging
 * Level 1.4 Evocations


You had 3 spell levels left.
You didn't know any spells.
Your spell library was empty.

Dungeon Overview and Level Annotations

Branches:
Dungeon (2/15)

Altars:


Innate Abilities, Weirdness & Mutations

You are too large for most types of armour.
You have a pair of small horns on your head.
You have tough skin. (AC +1)
You gain doubled healing and magic from potions.
Whenever you drink a healing potion, you attack all around you.


Message History

You are too injured to fight recklessly!
You are too injured to fight recklessly!
You are too injured to fight recklessly!
You are too injured to fight recklessly!
You are too injured to fight recklessly!
You are too injured to fight recklessly!
You are too injured to fight recklessly!
You are too injured to fight recklessly!
You are too injured to fight recklessly!
Unknown command.
The gnoll hits you with a +0 spear.
The kobold throws a stone.
The stone hits you but does no damage.
The gnoll hits you from afar with a +0 spear.
The kobold throws a stone.
The stone hits you but does no damage. The gnoll attacks as it pursues you!
The gnoll hits you from afar with a +0 spear.
* * * LOW HITPOINT WARNING * * *
It was a potion of degeneration.
There was something very wrong with that liquid.
You feel weakened.
You feel dopey.
You feel clumsy. The gnoll misses you.
It was a potion of enlightenment.
You feel very buoyant.
You fly up into the air.
The gnoll misses you. The gnoll closely misses you.
You hit the gnoll but do no damage.
The gnoll is moderately wounded.
The gnoll hits you with a +0 spear.
* * * LOW HITPOINT WARNING * * *
You closely miss the gnoll.
The gnoll is moderately wounded.
The gnoll hits you with a +0 spear.
* * * LOW HITPOINT WARNING * * *
You hit the gnoll but do no damage. Your headbutt misses the gnoll.
The gnoll is moderately wounded.
The gnoll barely misses you.
It was a potion of might.
You feel very mighty all of a sudden. The gnoll hits you with a +0 spear.
You die...

#.#.### ......
.#.#. # ......
... .# #
....[.
#####.###.#.#
......
#....)......#
#######
#.###.#...###
#......
#...Kg....#
#.#####
#####g#.#.# #
#.... #@#.....
#....
#.###.###
#####
######.....###
#
#.............
#
#.############
# #.##.. #
#.##.# .....
#...
#.##.#######
..#.###.##
#..........#
........


You could see 2 gnolls and a kobold.

Vanquished Creatures
  A gnoll (D:2)
  An adder (D:2)
  2 dart slugs
  7 endoplasms
  2 giant cockroaches (D:1)
  5 goblins
  3 hobgoblins
  3 quokkas
  5 ball pythons
  10 bats
  4 frilled lizards
  2 kobolds
  5 rats
50 creatures vanquished.

Notes
Turn   | Place    | Note
-------+----------+-------------------------------------------
     0 | D:1      | Gadfly the Oni Berserker began the quest for the Orb.
     0 | D:1      | Reached XP level 1. HP: 24/24 MP: 1/1
   162 | D:1      | Reached XP level 2. HP: 28/32 MP: 2/2
   492 | D:1      | Reached XP level 3. HP: 34/39 MP: 3/3
   523 | D:1      | Reached skill level 1 in Evocations
   572 | D:1      | Reached skill level 1 in Armour
   723 | D:1      | Reached ** piety under Trog
   896 | D:2      | Found a faded altar of an unknown god.
  1107 | D:2      | Reached XP level 4. HP: 48/49 MP: 4/4
  1415 | D:2      | Slain by a gnoll

Illustrated notes

Levels and vault maps discovered:
D:1:      shiori_arrival_maze, layout_loops_ring
D:2:      layout_basic, nicolae_ecumenical_pavilion, grunt_ministairs_10,
          uniq_natasha

Skill      XL: |  1  2  3 |
---------------+----------+-----
Evocations     | 1 |  1.4
Armour         | 1 |  1.5
Fighting       | |  4.4
Maces & Flails | |  3.6
Dodging        | |  2.6

Action                     |  1- 3 |  4- 6 || total
---------------------------+-------+-------++-------
  Melee: Mace              |    93 |     5 ||    98
         Headbutt          |     5 |     4 ||     9
         Dagger            |       |    14 ||    14
    Use: Potion            |       |     3 ||     3
   Stab: Sleeping          |       |     1 ||     1
 Armour: Animal skin       |    60 |    17 ||    77
  Dodge: Dodged            |    53 |    14 ||    67
